 Dungeon Crawl Stone Soup version 0.21.1-1-g345015f (webtiles) character file.

1110 Ratmanking the Sneak (level 8, -8/69 HPs)
             Began as a Naga Wizard on June 14, 2018.
             Was a Believer of Cheibriados.
             Mangled by an ice beast (11 damage)
             ... on level 7 of the Dungeon.
             The game lasted 00:44:57 (7688 turns).

Ratmanking the Sneak (Naga Wizard)                  Turns: 7688, Time: 00:44:58

Health: -8/69      AC:  5    Str: 16    XL:     8   Next: 33%
Magic:  11/15      EV: 15    Int: 23    God:    Cheibriados [**....]
Gold:   277        SH:  0    Dex: 18    Spells: 6/17 levels left

rFire    . . .     SeeInvis +   e - +1 dagger (elec)
rCold    . . .     Gourm    .   (no shield)
rNeg     . . .     Faith    .   a - +1 robe
rPois    +         Spirit   .   A - +0 helmet {SInv}
rElec    .         Reflect  .   (no cloak)
rCorr    .         Harm     .   (no gloves)
MR       +....                  (no barding)
Stlth    ++++......             (no amulet)
HPRegen  0.21/turn              (no ring)
MPRegen  0.14/turn              (no ring)

@: agile, very slightly contaminated, very slow
A: large, see invisible, deformed body, poison resistance, slowness 2, slow
metabolism 1, spit poison 1, AC +2
a: Spit Poison, Bend Time, Renounce Religion


You were on level 7 of the Dungeon.
You worshipped Cheibriados.
Cheibriados was pleased with you.
You were not hungry.

You visited 1 branch of the dungeon, and saw 7 of its levels.
You also visited: Sewer.

You collected 277 gold pieces.

Inventory:

Hand Weapons
 e - a +1 dagger of electrocution (weapon)
 f - a -2 dagger
 h - a +0 spear
Armour
 a - a +1 robe (worn)
 b - a +0 hat
 A - a +0 helmet of see invisible (worn)
 F - a cursed +0 leather armour
Wands
 r - a wand of enslavement (28)
 w - a wand of clouds (3)
 x - a wand of digging (8)
 D - a wand of polymorph (8)
 E - a wand of flame (39)
Scrolls
 i - 5 scrolls of remove curse
 m - 2 scrolls of amnesia
 q - a scroll of immolation
 s - a scroll of magic mapping {unknown}
 t - a scroll of fog {unknown}
 v - 4 scrolls of teleportation {unknown}
 y - a scroll of enchant weapon {unknown}
 C - a scroll of blinking
Potions
 g - a potion of curing
 j - a potion of berserk rage
 k - 2 potions of cancellation
 l - a potion of haste
 n - 3 potions of heal wounds
 p - a potion of mutation
 u - a potion of agility
 z - a potion of flight {unknown}
 B - a potion of might {unknown}
Books
 c - a book of Minor Magic

   Spells                             Type                      Level
   a - Magic Dart                     Conjuration                  1
   b - Blink                          Translocation                2
   c - Call Imp                       Summoning                    2
   d - Slow                           Hexes                        2
   e - Conjure Flame                  Conjuration/Fire             3
   f - Mephitic Cloud                 Conjuration/Poison/Air       3
 o - a book of Changes

   Spells                             Type                      Level
   a - Beastly Appendage              Transmutation                1
   b - Sticks to Snakes               Transmutation                2
   c - Spider Form                    Transmutation/Poison         3
   d - Ice Form                       Ice/Transmutation            4
   e - Blade Hands                    Transmutation                5
Comestibles
 d - 16 rations


   Skills:
 * Level 3.0 Fighting
 - Level 1.6 Dodging
 + Level 5.8 Stealth
 - Level 5.0 Spellcasting
 + Level 3.8 Conjurations
 + Level 2.3 Summonings
 + Level 1.0 Translocations
 * Level 2.3 Fire Magic
 * Level 2.4 Air Magic
 * Level 3.2 Poison Magic
 * Level 2.5 Invocations


You had 6 spell levels left.
You knew the following spells:

 Your Spells              Type           Power        Failure   Level  Hunger
a - Magic Dart            Conj           ###.         1%          1    None
b - Call Imp              Summ           ###.....     5%          2    None
c - Blink                 Tloc           N/A          10%         2    None
d - Conjure Flame         Conj/Fire      ###.....     8%          3    ##.....
e - Mephitic Cloud        Conj/Pois/Air  ###.....     8%          3    ##.....


Dungeon Overview and Level Annotations

Branches:
Dungeon (7/15)
 Temple: D:4-7

Altars:
Cheibriados
Nemelex Xobeh


Innate Abilities, Weirdness & Mutations

You cannot wear boots.
Your serpentine skin is tough. (AC +2)
You have supernaturally acute eyesight. (SInv)
Armour fits poorly on your strangely shaped body.
Your system is resistant to poisons. (rPois)
You cover ground very slowly.
You have a slow metabolism.
You can spit poison.


Message History

It was a potion of agility.
You feel agile all of a sudden.
You have got your breath back.
The ice beast closely misses you.
You feel better. The ice beast hits you.
* * * LOW HITPOINT WARNING * * *
The ice beast freezes you!
* * * LOW HITPOINT WARNING * * *
Casting: Call Imp
Confirm with . or Enter, or press ? or * to list all spells.
You miscast Blink.
You are very lightly contaminated with residual magic.
You feel uncomfortable.
The ice beast hits you but does no damage.
Casting: Blink
Confirm with . or Enter, or press ? or * to list all spells.
You blink.
The ice beast hits you.
* * * LOW HITPOINT WARNING * * *
The ice beast freezes you!
You die... ########### #.≈PPP.PPP#

P.PP≈P♣≈≈P#
♣≈≈≈≈≈P≈#
≈♣♣≈P≈PPP# .
♣≈PP≈..§)# ...
♣PP....Y<###?....
PPP.....@))......
♣PP..............
♣PPPP#..#.#######
≈♣≈≈PP.P#.#
PP♣≈≈≈PPP.#
≈≈.P≈♣≈;P≈#
..P.PPP≈P#
###P.PP≈.#


You could see an ice beast (inner flame) and an electric eel (inner flame).

Vanquished Creatures
  Prince Ribbit (D:5)
  2 bullfrogs (D:6)
  2 scorpions
  A centaur zombie (D:5)
  2 jellies
  A hound (D:5)
  Crazy Yiuf (D:4)
  A bullfrog skeleton (D:5)
  Ijyb (D:4)
  3 orc wizards
  A worker ant (D:5)
  4 gnolls (D:3)
  8 adders
  A howler monkey skeleton (D:5)
  A river rat (D:5)
  An ooze (D:4)
  An adder skeleton (D:6)
  4 worms
  A dart slug (D:2)
  5 leopard geckos
  11 orcs
  4 bats
  4 giant cockroaches
  10 goblins
  5 hobgoblins
  7 jackals
  A quokka (D:3)
  6 ball pythons
  4 frilled lizards
  A jackal skeleton (D:4)
  A jackal zombie (D:5)
  13 kobolds
  7 rats
116 creatures vanquished.

Vanquished Creatures (collateral kills)
  An ogre (D:5)
  A crocodile (Sewer)
  2 worms (D:2)
  A giant cockroach (D:2)
  2 jackals (Sewer)
  3 kobolds
  A quokka (D:2)
  2 bats (D:2)
  A rat (D:2)
14 creatures vanquished.

Vanquished Creatures (others)
  An orc (D:7)
1 creature vanquished.

Grand Total: 131 creatures vanquished

Notes
Turn   | Place    | Note
-------+----------+-------------------------------------------
     0 | D:1      | Ratmanking the Naga Wizard began the quest for the Orb.
     0 | D:1      | Reached XP level 1. HP: 15/15 MP: 4/4
   195 | D:1      | Reached XP level 2. HP: 17/22 MP: 0/6
  1204 | D:1      | Reached XP level 3. HP: 18/28 MP: 1/8
  2052 | D:2      | Learned a level 2 spell: Call Imp
  2055 | D:2      | Learned a level 2 spell: Blink
  2297 | D:2      | Reached XP level 4. HP: 36/36 MP: 10/10
  3090 | D:3      | Reached XP level 5. HP: 36/43 MP: 4/11
  3178 | D:3      | Reached skill level 1 in Fighting
  3842 | D:3      | Learned a level 3 spell: Conjure Flame
  3846 | D:3      | Learned a level 3 spell: Mephitic Cloud
  3888 | D:3      | Reached skill level 5 in Spellcasting
  4119 | D:3      | Reached XP level 6. HP: 51/51 MP: 7/13
  4323 | D:3      | Found a snail-covered altar of Cheibriados.
  4329 | D:3      | Became a worshipper of Cheibriados the Contemplative
  4790 | D:4      | Reached skill level 1 in Poison Magic
  4998 | D:4      | Noticed Ijyb
  5007 | D:4      | Killed Ijyb
  5007 | D:4      | Reached skill level 1 in Invocations
  5400 | D:4      | Found a runed door.
  5404 | D:4      | Noticed Crazy Yiuf
  5427 | D:4      | Killed Crazy Yiuf
  5427 | D:4      | Reached skill level 1 in Air Magic
  5476 | D:5      | Entered Level 5 of the Dungeon
  5480 | D:5      | Noticed Prince Ribbit
  5489 | D:5      | Killed Prince Ribbit
  5489 | D:5      | Reached skill level 1 in Fire Magic
  5489 | D:5      | Reached XP level 7. HP: 51/60 MP: 10/14
  5505 | D:5      | Found a glowing drain.
  5524 | Sewer    | Entered a sewer
  5634 | Sewer    | Reached * piety under Cheibriados
  5923 | D:5      | Reached skill level 5 in Stealth
  6354 | D:5      | Found a sparkling altar of Nemelex Xobeh.
  6360 | D:5      | Reached XP level 8. HP: 68/68 MP: 13/15
  7328 | D:6      | Reached ** piety under Cheibriados
  7688 | D:7      | HP: 3/69 [ice beast (5)]
  7688 | D:7      | Mangled by an ice beast

Skill      XL: |  1  2  3  4  5  6  7  8 |
---------------+-------------------------+-----
Spellcasting   | 4 5 |  5.0
Conjurations   | 2 3 |  3.8
Fighting       | 1 2 3 |  3.0
Stealth        | 4 5 |  5.8
Poison Magic   | 2 3 |  3.2
Invocations    | 1 2 |  2.5
Air Magic      | 1 2 |  2.4
Fire Magic     | 1 2 |  2.3
Summonings     | 2 |  2.3
Dodging        | |  1.6
Translocations | |  1.0

Action                   |  1- 3 |  4- 6 |  7- 9 || total
-------------------------+-------+-------+-------++-------
Melee: Unarmed           |     6 |       |       ||     6
       Dagger            |    32 |    61 |    64 ||   157
 Cast: Magic Dart        |    72 |   119 |    41 ||   232
       Call Imp          |       |    10 |     9 ||    19
       Blink             |       |       |     2 ||     2
 Abil: Spit Poison       |    20 |    40 |    17 ||    77
  Use: Scroll            |       |     9 |     6 ||    15
       Potion            |       |       |     3 ||     3
 Stab: Sleeping          |     1 |     8 |     5 ||    14
  Eat: Chunk             |     4 |    10 |     2 ||    16
       Ration            |       |       |     1 ||     1
Armor: Robe              |    19 |    36 |    36 ||    91
Dodge: Dodged            |    56 |    60 |    67 ||   183
